TOP OF THE 1ST |
Aberdeen Pheasants batting - Pitching for Sioux Falls Packers : RHP Moises Rangel
|
Pitching: RHP Moises Rangel
|
|
Batting: SHB Stephen Moore
|
0-0: Ball 1-0: Swinging Strike 1-1: Foul Ball, location: 2F 1-2: Ball 2-2: Strikes out swinging
|
Batting: RHB Greg Howe
|
0-0: Called Strike 0-1: Called Strike 0-2: Ground out 5-3 (Groundball, 56S, EV 89.4 MPH)
|
Batting: LHB Sergio Leija
|
0-0: Ball 1-0: Swinging Strike 1-1: Called Strike 1-2: Ball 2-2: Foul Ball, location: 2F 2-2: Foul Ball, location: 2F 2-2: Foul Ball, location: 2F 2-2: Ball 3-2: Foul Ball, location: 2F 3-2: Foul Ball, location: 2F 3-2: Base on Balls
|
Batting: LHB Robert McNair
|
0-0: Called Strike Sergio Leija steals 2nd base 0-1: Swinging Strike 0-2: Foul Ball, location: 2F 0-2: Strikes out looking
|
Top of the 1st over - 0 runs, 0 hits, 0 errors, 1 left on base; Aberdeen 0 - Sioux Falls 0 |
BOTTOM OF THE 1ST |
Sioux Falls Packers batting - Pitching for Aberdeen Pheasants : RHP Raul Ortiz
|
Pitching: RHP Raul Ortiz
|
|
Batting: RHB Donald Devlin
|
0-0: Foul Ball, location: 2F 0-1: Fly out, F9 (Flyball, 9S, EV 85.6 MPH)
|
Batting: RHB Javier Flores
|
0-0: Fly out, F7 (Flyball, 7LD, EV 100.6 MPH)
|
Batting: LHB Mike Aldrete
|
0-0: Foul Ball, location: 2F 0-1: Ball 1-1: Called Strike 1-2: Ball 2-2: Strikes out looking
|
Bottom of the 1st over - 0 runs, 0 hits, 0 errors, 0 left on base; Aberdeen 0 - Sioux Falls 0 |
TOP OF THE 2ND |
Aberdeen Pheasants batting - Pitching for Sioux Falls Packers : RHP Moises Rangel
|
Batting: RHB Harry McCulla
|
0-0: Called Strike 0-1: Foul Ball, location: 2F 0-2: Ball 1-2: Strikes out looking
|
Batting: RHB Pedro Chavez
|
0-0: Ball 1-0: Ball 2-0: Foul Ball, location: 2F 2-1: SINGLE (Groundball, 34D, EV 104.4 MPH)
|
Batting: RHB Alejandro Luna
|
0-0: Ball Pedro Chavez steals 2nd base 1-0: Ground out 5-3 (Groundball, 56, EV 89.4 MPH)
|
Batting: RHB Armando Ramirez
|
0-0: Ball 1-0: Ball 2-0: Fly out, F9 (Flyball, 9S, EV 89.4 MPH)
|
Top of the 2nd over - 0 runs, 1 hit, 0 errors, 1 left on base; Aberdeen 0 - Sioux Falls 0 |
BOTTOM OF THE 2ND |
Sioux Falls Packers batting - Pitching for Aberdeen Pheasants : RHP Raul Ortiz
|
Batting: SHB Dan Hanggie
|
0-0: Ball 1-0: Called Strike 1-1: Foul Ball, location: 2F 1-2: Foul Ball, location: 2F 1-2: Foul Ball, location: 2F 1-2: Foul Ball, location: 2F 1-2: SOLO HOME RUN (Flyball, 9D, EV 99.4 MPH), Distance : 366 ft
|
Batting: LHB Randy Salava
|
0-0: Ball 1-0: Swinging Strike 1-1: Called Strike 1-2: Foul Ball, location: 2F 1-2: Ground out U3 (Groundball, 3L, EV 81.9 MPH)
|
Batting: SHB Gary Springer
|
0-0: SINGLE (Groundball, 34D, EV 98.8 MPH)
|
Batting: LHB Reggie West
|
0-0: Ball 1-0: Called Strike 1-1: Ball 2-1: Ground out 6-3 (Groundball, 6MS, EV 66.9 MPH) Gary Springer to second
|
Batting: RHB Ben Amaya
|
0-0: Called Strike 0-1: Foul Ball, location: 2F 0-2: Ball 1-2: Ball 2-2: Foul Ball, location: 2F 2-2: Strikes out swinging
|
Bottom of the 2nd over - 1 run, 2 hits, 0 errors, 1 left on base; Aberdeen 0 - Sioux Falls 1 |
TOP OF THE 3RD |
Aberdeen Pheasants batting - Pitching for Sioux Falls Packers : RHP Moises Rangel
|
Batting: RHB Diego Martinez
|
0-0: Ball 1-0: Bunt for hit to 5S - play at first, batter OUT! 5-3
|
Batting: SHB Stephen Moore
|
0-0: Called Strike 0-1: Ball 1-1: Foul Ball, location: 2F 1-2: Fly out, F8 (Flyball, 8LXD, EV 103.1 MPH)
|
Batting: RHB Greg Howe
|
0-0: Ball 1-0: Foul Ball, location: 2F 1-1: TRIPLE (Flyball, 9LD, EV 94.4 MPH)
|
Batting: LHB Sergio Leija
|
0-0: Ball 1-0: Ball 2-0: Ball 3-0: Called Strike 3-1: Base on Balls
|
Batting: LHB Robert McNair
|
0-0: Ball 1-0: Swinging Strike 1-1: Ball 2-1: Ball 3-1: Foul Ball, location: 2F 3-2: Foul Ball, location: 2F 3-2: Foul Ball, location: 2F 3-2: Ground out 1-3 (Groundball, 15S, EV 68.1 MPH)
|
Top of the 3rd over - 0 runs, 1 hit, 0 errors, 2 left on base; Aberdeen 0 - Sioux Falls 1 |
BOTTOM OF THE 3RD |
Sioux Falls Packers batting - Pitching for Aberdeen Pheasants : RHP Raul Ortiz
|
Batting: RHB Francisco Perez
|
0-0: Ball 1-0: Foul Ball, location: 2F 1-1: Called Strike 1-2: Foul Ball, location: 2F 1-2: Ball 2-2: Strikes out swinging
|
Batting: RHB Donald Devlin
|
0-0: Ball 1-0: Reached on error, E5 (Groundball, 56, EV 81.9 MPH)
|
Batting: RHB Javier Flores
|
0-0: Fly out, F8 (Line Drive, 8RD, EV 91.9 MPH)
|
Batting: LHB Mike Aldrete
|
0-0: Called Strike Donald Devlin steals 2nd base 0-1: Foul Ball, location: 2F 0-2: Ball 1-2: Ground out 6-3 (Groundball, 6, EV 98.1 MPH)
|
Bottom of the 3rd over - 0 runs, 0 hits, 1 error, 1 left on base; Aberdeen 0 - Sioux Falls 1 |
TOP OF THE 4TH |
Aberdeen Pheasants batting - Pitching for Sioux Falls Packers : RHP Moises Rangel
|
Batting: RHB Harry McCulla
|
0-0: DOUBLE (Flyball, 8LXD, EV 91.3 MPH)
|
Batting: RHB Pedro Chavez
|
0-0: Ball 1-0: Fly out, F8 (Line Drive, 8RD, EV 93.1 MPH)
|
Batting: RHB Alejandro Luna
|
0-0: Ball 1-0: Ball Wild Pitch! Harry McCulla to third 2-0: Ball 3-0: Base on Balls
|
Batting: RHB Armando Ramirez
|
0-0: Ball 1-0: Fly out, F9 (Flyball, 9LS, EV 88.1 MPH)
|
Batting: RHB Diego Martinez
|
0-0: Called Strike 0-1: Foul Ball, location: 2F 0-2: Ball 1-2: Strikes out swinging
|
Top of the 4th over - 0 runs, 1 hit, 0 errors, 2 left on base; Aberdeen 0 - Sioux Falls 1 |
BOTTOM OF THE 4TH |
Sioux Falls Packers batting - Pitching for Aberdeen Pheasants : RHP Raul Ortiz
|
Batting: SHB Dan Hanggie
|
0-0: Ground out 3-1 (Groundball, 34, EV 84.4 MPH)
|
Batting: LHB Randy Salava
|
0-0: Ball 1-0: Ball 2-0: Foul Ball, location: 2F 2-1: Swinging Strike 2-2: Foul Ball, location: 2F 2-2: Strikes out swinging
|
Batting: SHB Gary Springer
|
0-0: Ball 1-0: Called Strike 1-1: Foul Ball, location: 2F 1-2: Ground out U3 (Groundball, 3, EV 88.1 MPH)
|
Bottom of the 4th over - 0 runs, 0 hits, 0 errors, 0 left on base; Aberdeen 0 - Sioux Falls 1 |
TOP OF THE 5TH |
Aberdeen Pheasants batting - Pitching for Sioux Falls Packers : RHP Moises Rangel
|
Batting: SHB Stephen Moore
|
0-0: Fly out, F9 (Flyball, 89M, EV 85.0 MPH)
|
Batting: RHB Greg Howe
|
0-0: Ball 1-0: Ground out 6-3 (Groundball, 6MD, EV 76.9 MPH)
|
Batting: LHB Sergio Leija
|
0-0: Fly out, F9 (Line Drive, 9, EV 102.5 MPH)
|
Top of the 5th over - 0 runs, 0 hits, 0 errors, 0 left on base; Aberdeen 0 - Sioux Falls 1 |
BOTTOM OF THE 5TH |
Sioux Falls Packers batting - Pitching for Aberdeen Pheasants : RHP Raul Ortiz
|
Batting: LHB Reggie West
|
0-0: Fly out, F9 (Flyball, 89M, EV 93.8 MPH)
|
Batting: RHB Ben Amaya
|
0-0: Swinging Strike 0-1: Ground out U3 (Groundball, 3, EV 86.3 MPH)
|
Batting: RHB Francisco Perez
|
0-0: SINGLE (Groundball, 4MD, EV 96.3 MPH)
|
Batting: RHB Donald Devlin
|
0-0: Ball 1-0: Ball 2-0: Called Strike 2-1: Fly out, F8 (Line Drive, 8LD, EV 100.0 MPH)
|
Bottom of the 5th over - 0 runs, 1 hit, 0 errors, 1 left on base; Aberdeen 0 - Sioux Falls 1 |
TOP OF THE 6TH |
Aberdeen Pheasants batting - Pitching for Sioux Falls Packers : RHP Moises Rangel
|
Batting: LHB Robert McNair
|
0-0: Called Strike 0-1: Ground out U3 (Groundball, 34S, EV 91.3 MPH)
|
Batting: RHB Harry McCulla
|
0-0: Ball 1-0: Called Strike 1-1: Foul Ball, location: 2F 1-2: Strikes out swinging
|
Batting: RHB Pedro Chavez
|
0-0: Ground out 1-3 (Groundball, 15S, EV 70.0 MPH)
|
Top of the 6th over - 0 runs, 0 hits, 0 errors, 0 left on base; Aberdeen 0 - Sioux Falls 1 |
BOTTOM OF THE 6TH |
Sioux Falls Packers batting - Pitching for Aberdeen Pheasants : RHP Raul Ortiz
|
Batting: RHB Javier Flores
|
0-0: Swinging Strike 0-1: Ball 1-1: Ball 2-1: Ground out U3 (Groundball, 34S, EV 92.5 MPH)
|
Batting: LHB Mike Aldrete
|
0-0: Called Strike 0-1: Ball 1-1: Ground out 5-3 (Groundball, 56, EV 78.1 MPH)
|
Batting: SHB Dan Hanggie
|
0-0: Ball 1-0: Foul Ball, location: 2F 1-1: Fly out, F8 (Flyball, 8RXD, EV 99.4 MPH)
|
Bottom of the 6th over - 0 runs, 0 hits, 0 errors, 0 left on base; Aberdeen 0 - Sioux Falls 1 |
TOP OF THE 7TH |
Aberdeen Pheasants batting - Pitching for Sioux Falls Packers : RHP Moises Rangel
|
Batting: RHB Alejandro Luna
|
0-0: Swinging Strike 0-1: Called Strike 0-2: Ball 1-2: Ball 2-2: Fly out, F9 (Flyball, 9LM, EV 92.5 MPH)
|
Batting: RHB Armando Ramirez
|
0-0: Foul Ball, location: 2F 0-1: Foul Ball, location: 2F 0-2: Fly out, F8 (Flyball, 8LM, EV 90.0 MPH)
|
Batting: RHB Diego Martinez
|
0-0: Ball 1-0: Ground out 4-3 (Groundball, 4M, EV 79.4 MPH)
|
Top of the 7th over - 0 runs, 0 hits, 0 errors, 0 left on base; Aberdeen 0 - Sioux Falls 1 |
BOTTOM OF THE 7TH |
Sioux Falls Packers batting - Pitching for Aberdeen Pheasants : RHP Raul Ortiz
|
Batting: LHB Randy Salava
|
0-0: Foul Ball, location: 2F 0-1: Ball 1-1: Foul Ball, location: 2F 1-2: Foul Ball, location: 2F 1-2: Foul Ball, location: 2F 1-2: Ball 2-2: Ground out 6-3 (Groundball, P, EV 85.6 MPH)
|
Batting: SHB Gary Springer
|
0-0: Foul Ball, location: 2F 0-1: Ball 1-1: Ball 2-1: Swinging Strike 2-2: Foul Ball, location: 2F 2-2: Strikes out looking
|
Batting: LHB Reggie West
|
0-0: Swinging Strike 0-1: Called Strike 0-2: Strikes out swinging
|
Bottom of the 7th over - 0 runs, 0 hits, 0 errors, 0 left on base; Aberdeen 0 - Sioux Falls 1 |
TOP OF THE 8TH |
Aberdeen Pheasants batting - Pitching for Sioux Falls Packers : RHP Moises Rangel
|
Batting: SHB Stephen Moore
|
0-0: Ball 1-0: Ball 2-0: Ball 3-0: Called Strike 3-1: Foul Ball, location: 2F 3-2: Fly out, F7 (Flyball, 78D, EV 98.1 MPH)
|
Batting: RHB Greg Howe
|
0-0: Fly out, F9 (Flyball, 9, EV 89.4 MPH)
|
Batting: LHB Sergio Leija
|
0-0: Called Strike 0-1: Swinging Strike 0-2: Ball 1-2: Ball 2-2: SINGLE (Line Drive, 4D, EV 96.3 MPH)
|
Batting: LHB Robert McNair
|
0-0: Ball 1-0: Called Strike 1-1: Ball 2-1: Foul Ball, location: 2F 2-2: Fly out, F9 (Flyball, 9LS, EV 83.8 MPH)
|
Top of the 8th over - 0 runs, 1 hit, 0 errors, 1 left on base; Aberdeen 0 - Sioux Falls 1 |
BOTTOM OF THE 8TH |
Sioux Falls Packers batting - Pitching for Aberdeen Pheasants : RHP Raul Ortiz
|
Batting: RHB Ben Amaya
|
0-0: Foul Ball, location: 2F 0-1: Called Strike 0-2: Ball 1-2: Foul Ball, location: 2F 1-2: DOUBLE (Flyball, 78XD, EV 104.4 MPH)
|
Batting: RHB Francisco Perez
|
0-0: Ball 1-0: Called Strike 1-1: Ground out 6-3 (Groundball, 6S, EV 85.0 MPH)
|
Batting: RHB Donald Devlin
|
0-0: Intentional Walk
|
Batting: RHB Javier Flores
|
0-0: Called Strike 0-1: Foul Ball, location: 2F 0-2: Ball 1-2: Strikes out looking
|
Batting: LHB Mike Aldrete
|
0-0: Ball 1-0: Ball 2-0: Foul Ball, location: 2F 2-1: Swinging Strike 2-2: DOUBLE (Flyball, 9LM, EV 111.3 MPH) Ben Amaya scores Donald Devlin to third Runner from 3rd tries for Home, SAFE, no throw by RF
|
Batting: SHB Dan Hanggie
|
0-0: Ball 1-0: Called Strike 1-1: Swinging Strike 1-2: Fly out, F7 (Flyball, 7LS, EV 86.3 MPH)
|
Bottom of the 8th over - 2 runs, 2 hits, 0 errors, 1 left on base; Aberdeen 0 - Sioux Falls 3 |
TOP OF THE 9TH |
Aberdeen Pheasants batting - Pitching for Sioux Falls Packers : RHP Moises Rangel
|
Now at 3B: Ricky Jones
|
|
Batting: RHB Harry McCulla
|
0-0: Swinging Strike 0-1: Ball 1-1: Ball 2-1: Ball 3-1: Foul Ball, location: 2F 3-2: Foul Ball, location: 2F 3-2: Fly out, F8 (Flyball, 8RD, EV 86.3 MPH)
|
Batting: RHB Pedro Chavez
|
0-0: Called Strike 0-1: Ball 1-1: Ground out 6-3 (Groundball, 4MS, EV 83.8 MPH)
|
Batting: RHB Alejandro Luna
|
0-0: Called Strike 0-1: SINGLE (Groundball, 56D, EV 106.9 MPH)
|
Batting: RHB Armando Ramirez
|
0-0: Called Strike 0-1: Ball 1-1: Ball 2-1: Fielders Choice at 2nd, 5-4 (Groundball, 5, EV 82.5 MPH)
|
Top of the 9th over - 0 runs, 1 hit, 0 errors, 1 left on base; Aberdeen 0 - Sioux Falls 3 |
|